 Dungeon Crawl Stone Soup version 0.30-a0-743-gbfdf073 (webtiles) character file.

Game seed: 15816090382147155605

41 PurpleRed the Conjurer (level 3, 0/20 HPs)
             Began as a Deep Elf Reaver on Feb 9, 2023.
             Slain by a gnoll
             ... wielding a +0 flail
              (6 damage)
             ... on level 1 of the Dungeon.
             The game lasted 00:05:09 (505 turns).

PurpleRed the Conjurer (Deep Elf Reaver)             Turns: 505, Time: 00:05:10

Health: 0/20       AC:  4    Str:  9    XL:     3   Next: 32%
Magic:  9/10       EV: 12    Int: 19    God:
Gold:   31         SH:  0    Dex: 13    Spells: 6/9 levels left

rFire   . . .      SeeInvis .    a - +0 short sword
rCold   . . .      Faith    .    (no shield)
rNeg    . . .      Spirit   .    b - +0 leather armour
rPois   .          Reflect  .    (no helmet)
rElec   .          Harm     .    f - +0 cloak
rCorr   .          Rampage  .    (no gloves)
Will    .....                    (no boots)
Stlth   +                        e - amulet of magic regeneration
HPRegen 0.23/turn                (no ring)
MPRegen 0.52/turn                (no ring)

@: immotile, very slightly contaminated
A: no striking features
a: no special abilities


You were on level 1 of the Dungeon.
You visited 1 branch of the dungeon, and saw 3 of its levels.

You collected 31 gold pieces.

Inventory:

Hand Weapons
 a - a +0 short sword (weapon)
 h - a +0 shortbow
 i - a +0 sling
Armour
 b - a +0 leather armour (worn)
 f - a +0 cloak (worn)
Jewellery
 e - an amulet of magic regeneration (around neck)
Wands
 k - a wand of acid (11)
Scrolls
 c - 3 scrolls of identify {unknown}
 d - 4 scrolls of teleportation {unknown}
 g - a scroll of brand weapon {unknown}
Potions
 j - a potion of degeneration {unknown}


   Skills:
 - Level 1.5 Fighting
 - Level 3.0 Short Blades
 - Level 2.4 Dodging
 + Level 3.8 Spellcasting
 + Level 3.9 Conjurations
 + Level 1.7 Translocations


You had 6 spell levels left.
You knew the following spells:

 Your Spells              Type           Power      Damage    Failure   Level
a - Kiss of Death         Conj/Necr      44%        2d8       9%          1
b - Momentum Strike       Conj/Tloc      28%        3d8       10%         2

Your spell library contained the following spells:

 Spells                   Type           Power      Damage    Failure   Level
 Hailstorm                Conj/Ice       11%        3d5       26%         3


Dungeon Overview and Level Annotations

Branches:
Dungeon (3/15)

Altars:

Shops:
D:2 ?=


Message History

You closely miss the hobgoblin. The hobgoblin barely misses you.
You hit the hobgoblin.
The hobgoblin is almost dead.
The hobgoblin hits you but does no damage.
You hit the hobgoblin.
You kill the hobgoblin!
You see here a hobgoblin corpse.
There is a stone staircase leading up here.
You climb upwards.
The gnoll hits you with a +0 flail.
There is a stone staircase leading down here.
Casting: Momentum Strike (safe; 10% risk of failure)
Confirm with . or Enter, or press ? or * to list all spells.
Aiming: Momentum Strike (safe; 10% risk of failure)
Press: ? - help, Dir - move target, f - gnoll
Aim: a gnoll, wielding a +0 flail (75% to hit)
The concentrated momentum hits the gnoll!
The gnoll is severely wounded.
You are unable to move.
The bat barely misses you. The gnoll hits you with a +0 flail.
You barely miss the gnoll.
The gnoll is severely wounded.
The bat hits you but does no damage. The gnoll closely misses you.
The bat hits you.
You hit the gnoll but do no damage.
The gnoll is severely wounded.
The bat hits you but does no damage. The gnoll completely misses you.
You barely miss the gnoll.
The gnoll is severely wounded.
The bat closely misses you. The gnoll hits you with a +0 flail!
* * * LOW HITPOINT WARNING * * *
Casting: Momentum Strike (safe; 10% risk of failure)
Confirm with . or Enter, or press ? or * to list all spells.
Aiming: Kiss of Death (safe; 9% risk of failure)
Press: ? - help, Shift-Dir - straight line, f/p - gnoll
Aim: a gnoll, wielding a +0 flail (severely wounded, 100% to hit)
You miscast Kiss of Death.
You are very lightly contaminated with residual magic.
Nothing appears to happen.
The bat hits you but does no damage. The gnoll hits you with a +0 flail.
You die...

#.. ### ####
...## .
##...## #
...#.....#.#
#.....g.b..#
#...@.#
##....[.....
##########.


You could see a gnoll and a bat.

Vanquished Creatures
  A gnoll (D:1)
  A worm (D:2)
  A dart slug (D:1)
  An endoplasm (D:1)
  2 goblins
  4 hobgoblins
  7 jackals
  2 kobolds
  A quokka (D:1)
  2 rats
22 creatures vanquished.

Notes
Turn   | Place    | Note
-------+----------+-------------------------------------------
     0 | D:1      | PurpleRed the Deep Elf Reaver began the quest for the Orb.
     0 | D:1      | Reached XP level 1. HP: 12/12 MP: 6/6
   184 | D:1      | Reached XP level 2. HP: 16/16 MP: 8/8
   189 | D:1      | Reached skill level 1 in Translocations
   193 | D:1      | Learned a level 2 spell: Momentum Strike
   362 | D:2      | Found Amuubexy's Jewellery Boutique.
   420 | D:2      | Reached XP level 3. HP: 20/20 MP: 7/10
   447 | D:2      | Found Ynegia's Magic Scroll Shop.
   505 | D:1      | Slain by a gnoll

Illustrated notes

Levels and vault maps discovered:
D:1:      minmay_arrival_cross, layout_loops_ring
D:2:      layout_basic, serial_shops, nicolae_shop_stone, shop,
          nicolae_lakefront_shop, nicolae_shop_hallway_plus,
          nicolae_shop_advertising_works [nicolae_subvault_shop_adworks],
          hex_tiny, minmay_misc_feat_more_columns, minmay_misc_feat_rugged,
          serial_bayou_pond_a, st_stairs_4
D:3:      layout_loops_ring, mainiacjoe_overflow_surrounded_room,
          hangedman_ru_absence, grunt_dithmenos_smoke_and_mirrors,
          ebering_ghost_sewer_f, hellmonk_ecumenical_altar_run_dry

Skill      XL: |  1  2 |
---------------+-------+-----
Translocations | 1 |  1.7
Fighting       | |  1.5
Short Blades   | |  3.0
Dodging        | |  2.4
Spellcasting   | |  3.8
Conjurations   | |  3.9

Action                     || total
---------------------------++-------
  Melee: Short sword       ||    71
   Fire: Sling             ||     2
   Cast: Momentum Strike   ||    10
   Stab: Sleeping          ||     1
 Armour: Leather armour    ||    18
  Dodge: Dodged            ||    38

Table legend: (Time is in decaauts)
 A = Elapsed time spent in this place.
 B = Non-inter-level travel time spent in this place.
 C = Inter-level travel time spent in this place.
 D = Time resting spent in this place.
 E = Time spent auto-exploring this place.
 F = Levels seen in this place.
 G = Mean time per level.
                   A        B        C        D        E       F      G
               +--------+--------+--------+--------+--------+-----+--------+
         Total |    494 |    494 |      0 |      0 |      0 |   3 |  164.7 |
       Dungeon |    494 |    494 |      0 |      0 |      0 |   3 |  164.7 |
               +--------+--------+--------+--------+--------+-----+--------+

Top non-repeatable levels by time:
     D:1: 355 daAuts
     D:2: 137 daAuts
     D:3: 1 daAuts
